 Dungeon Crawl Stone Soup version 0.30-a0-34-gbe8da3892a (webtiles) character file.

Game seed: 10131494967554336810

141 timneilson the Covered (level 5, 0/33 HPs)
             Began as a Gargoyle Fighter on Aug 27, 2022.
             Killed from afar by Sigmund (6 damage)
             ... with a puff of flame
             ... on level 3 of the Dungeon.
             The game lasted 00:02:46 (2386 turns).

timneilson the Covered (Gargoyle Fighter)           Turns: 2386, Time: 00:02:47

Health: 0/33       AC: 11    Str: 22    XL:     5   Next: 24%
Magic:  5/5        EV:  9    Int:  8    God:
Gold:   182        SH:  0    Dex:  9    Spells: 4/4 levels left

rFire   . . .      SeeInvis .    a - +0 long sword
rCold   . . .      Faith    .    c - +0 buckler
rNeg    + . .      Spirit   .    b - +0 scale mail
rPois   ∞          Reflect  .    (no helmet)
rElec   +          Harm     .    (no cloak)
rCorr   .          Rampage  .    (no gloves)
Will    .....                    (no boots)
Stlth   ..........               (no amulet)
HPRegen 0.11/turn                (no ring)
MPRegen 0.09/turn                (no ring)

@: confused, mighty
A: sickness immunity, AC +4, negative energy resistance 1, electricity
resistance, torment resistance 1, petrification resistance
a: no special abilities


You were on level 3 of the Dungeon.
You visited 1 branch of the dungeon, and saw 3 of its levels.

You collected 182 gold pieces.

Inventory:

Hand Weapons
 a - a +0 long sword (weapon)
Armour
 b - a +0 scale mail (worn)
 c - a +0 buckler (worn)
Wands
 j - a wand of digging (6)
 m - a wand of polymorph (9)
Scrolls
 i - 2 scrolls of summoning
 k - a scroll of blinking
Potions
 e - a potion of resistance
 f - 5 potions of curing
 g - 2 potions of degeneration {unknown}
 h - a potion of invisibility {unknown}
 l - a potion of experience {unknown}
 n - a potion of brilliance {unknown}


   Skills:
 + Level 3.7 Fighting
 * Level 2.7 Long Blades
 * Level 4.2 Armour
 + Level 1.1 Dodging
 * Level 4.2 Shields
 + Level 0.3 Evocations


You had 4 spell levels left.
You didn't know any spells.
Your spell library contained the following spells:

 Spells                   Type           Power      Damage    Failure   Level
 Necrotise                Necr           0%         1d4       82%         1
 Vampiric Draining        Necr           0%         2d6       99%         3
 Agony                    Necr           0%         N/A       100%        5


Dungeon Overview and Level Annotations

Branches:
Dungeon (3/15)

Altars:

Annotations:
D:3 Sigmund


Innate Abilities, Weirdness & Mutations

You are immune to sickness and miasma.
Your stone body is resilient. (AC +4)
You are immune to poison.
You resist negative energy. (rN+)
You are resistant to electric shocks. (rElec)
You are resistant to unholy torment.
You are immune to petrification.


Message History

Sigmund casts a spell.
Sigmund flickers and vanishes!
Deactivating autopickup; reactivate with Ctrl-A.
Something hits you.
You miss something. You block something's attack.
You slash something! You barely miss something.
You hear some strange, mumbled words.
Something tries to affect you, but you resist.
Something completely misses you.
You closely miss something. You closely miss something. Something hits you!
You closely miss something.
You hear some strange, mumbled words.
You are confused.
You bump into the rock wall.
Something hits you.
You closely miss something. Something hits you but does no damage.
You completely miss something. Something hits you but does no damage.
You barely miss something. Something hits you but does no damage.
You slash something!
You feel less confused. Something hits you but does no damage.
You slash something!
You hear some strange, mumbled words.
You are confused.
You bump into the rock wall.
You hear some strange, mumbled words.
You are more confused.
You miss something.
You hear some strange, mumbled words.
A puff of flame appears from out of thin air!
The puff of flame hits you.
You hit something. Something hits you.
You closely miss something. Something hits you!
* * * LOW HITPOINT WARNING * * *
You bump into the rock wall.
You hear some strange, mumbled words.
A puff of flame appears from out of thin air!
The puff of flame hits you.
You die...

######.###......
#..##...... ##..#......
##.#...... #........
##....... #[....##
####################..#
......{@..............#
####################..#
##.# #.## #####...
......... ######### # #


There were no monsters in sight!

Vanquished Creatures
  A jelly (D:3)
  Jessica (D:2)
  Ijyb (D:3)
  Natasha (D:3)
  A white imp (D:3)
  A dart slug (D:1)
  2 endoplasms
  A giant cockroach (D:1)
  4 goblins
  3 hobgoblins
  3 quokkas (D:1)
  A ball python (D:1)
  4 bats
  A frilled lizard (D:1)
  3 kobolds
  4 rats
32 creatures vanquished.

Notes
Turn   | Place    | Note
-------+----------+-------------------------------------------
     0 | D:1      | timneilson the Gargoyle Fighter began the quest for the
                  | Orb.
     0 | D:1      | Reached XP level 1. HP: 14/14 MP: 1/1
   229 | D:1      | Reached XP level 2. HP: 19/19 MP: 2/2
   952 | D:2      | Reached XP level 3. HP: 15/23 MP: 3/3
  1177 | D:2      | Noticed Jessica
  1192 | D:2      | Killed Jessica
  1644 | D:3      | Found a faded altar of an unknown god.
  1724 | D:3      | Reached XP level 4. HP: 15/28 MP: 4/4
  1933 | D:3      | Noticed Ijyb
  1951 | D:3      | Killed Ijyb
  2133 | D:3      | Reached skill level 1 in Dodging
  2133 | D:3      | Reached XP level 5. HP: 27/33 MP: 5/5
  2203 | D:3      | Noticed Natasha
  2210 | D:3      | Killed Natasha
  2364 | D:3      | Noticed Sigmund
  2386 | D:3      | Killed from afar by Sigmund

Illustrated notes

Levels and vault maps discovered:
D:1:      dpeg_arrival_line_fractal, layout_rooms
D:2:      layout_rooms, uniq_jessica
D:3:      layout_basic, hellmonk_ecumenical_altar_pennies_from_heaven,
          minivault_19, uniq_ijyb, uniq_natasha, uniq_sigmund

Skill      XL: |  1  2  3  4 |
---------------+-------------+-----
Long Blades    | 2 |  2.7
Armour         | 4 |  4.2
Shields        | 4 |  4.2
Dodging        | 1 |  1.1
Fighting       | |  3.7
Evocations     | |  0.3

Action                   |  1- 3 |  4- 6 || total
-------------------------+-------+-------++-------
Melee: Long sword        |    78 |    44 ||   122
  Use: Scroll            |     7 |       ||     7
       Potion            |       |     1 ||     1
Armor: Scale mail        |    45 |    25 ||    70
Dodge: Dodged            |    37 |    16 ||    53
Block: Buckler           |    18 |    13 ||    31

Table legend: (Time is in decaauts)
 A = Elapsed time spent in this place.
 B = Non-inter-level travel time spent in this place.
 C = Inter-level travel time spent in this place.
 D = Time resting spent in this place.
 E = Time spent auto-exploring this place.
 F = Levels seen in this place.
 G = Mean time per level.
                   A        B        C        D        E       F      G
               +--------+--------+--------+--------+--------+-----+--------+
         Total |   2427 |   2385 |     42 |      0 |   2025 |   3 |  809.0 |
       Dungeon |   2427 |   2385 |     42 |      0 |   2025 |   3 |  809.0 |
               +--------+--------+--------+--------+--------+-----+--------+

Top non-repeatable levels by time:
     D:1: 857 daAuts
     D:2: 788 daAuts
     D:3: 781 daAuts
